[Event "ISR-ch Open 2018"]
[Site "Ma'alot-Tarshih"]
[Date "2018.12.19"]
[Round "8"]
[White "Gleizer, Mark"]
[Black "Gershkowich, David"]
[Result "1-0"]
[ECO "A45"]
[WhiteElo "2186"]
[BlackElo "2193"]
[Annotator "NA"]
[PlyCount "109"]
[EventDate "2018.12.12"]
[EventType "swiss"]
[EventCountry "ISR"]
[SourceTitle "playchess.com"]
[Source "ChessBase"]
[SourceQuality "1"]
[TimeControl "40/5400+30:1800+30"]

1. d4 Nf6 2. c3 g6 3. g3 Bg7 4. Bg2 d5 5. Nd2 Nbd7 6. f4 c5 7. e3 Qb6 8. Nh3 Qa6 9. Nf2 O-O 10. b3 Re8 11. Qe2 Qxe2+ 12. Kxe2 b6 13. Bb2 Ba6+ 14. Kd1 e6 15. Rc1 Rad8 16. Kc2 Rc8 17. Kb1 Red8 18. g4 Nb8 19. g5 Ne8 20. h4 Be2 21. Rce1 Bh5 22. Nf1 f5 (22... cxd4 $11 23. cxd4 (23. exd4 Bf8 $11) 23... Bf8) 23. Ng3 Bf8 24. Nxh5 gxh5 25. Bf3 Ng7 26. dxc5 Bxc5 27. Re2 a5 28. a4 Nc6 29. Rd1 Ne7 30. Nh1 Ng6 31. Ng3 Nxh4 32. Bxh5 $16 Ng6 33. Bf3 Rb8 34. Ka2 Nh4 35. Bh1 Ng6 36. Rd3 Nf8 37. Red2 Be7 38. Ne2 Nd7 39. Rd1 Nc5 40. R3d2 Kf7 41. Nd4 Rbc8 42. Rh2 Rh8 43. Nf3 Rcg8 44. Ne5+ Ke8 45. c4 Ne4 46. cxd5 exd5 47. Rxd5 Bc5 48. Bxe4 fxe4 49. Nd7 Bxe3 50. Nf6+ Kf8 51. Nxg8 Rxg8 52. Rxh7 Ne6 53. Rf5+ Ke8 54. Re5 Rg6 55. f5 1-0